 Dungeon Crawl Stone Soup version 0.23.2-1-ga50397a6bc (webtiles) character file.

Game seed: 1936548260660844928

3844 Ethylacetat the Geomancer (level 10, -20/50 HPs)
             Began as a Gargoyle Earth Elementalist on Apr 30, 2019.
             Was a Priest of Vehumet.
             Demolished by an orc warrior
             ... wielding a +0 glaive
              (36 damage)
             ... in a bailey.
             The game lasted 00:24:33 (6548 turns).

Ethylacetat the Geomancer (GrEE)                    Turns: 6548, Time: 00:24:34

Health: -20/50     AC: 15    Str: 12    XL:     10   Next: 18%
Magic:  8/29       EV: 12    Int: 19    God:    Vehumet [***...]
Gold:   388        SH:  0    Dex: 10    Spells: 14/23 levels left

rFire    . . .     SeeInvis .   e - +1 dagger (elec)
rCold    . . .     Gourm    .   (no shield)
rNeg     + + .     Faith    .   c - +1 robe
rPois    ∞         Spirit   .   a - +2 helmet
rElec    +         Reflect  .   A - +1 cloak
rCorr    .         Harm     .   (no gloves)
MR       .....                  (no boots)
Stlth    ++........             (no amulet)
HPRegen  0.16/turn              l - ring of magical power
MPRegen  0.21/turn              y - ring of positive energy

@: vulnerable
A: negative energy resistance 1, electricity resistance, unbreathing,
petrification resistance, rot immunity, AC +7
a: Renounce Religion


You were in a bailey.
You worshipped Vehumet.
Vehumet was most pleased with you.
You were very hungry.

You visited 2 branches of the dungeon, and saw 9 of its levels.
You also visited: Ossuary and Bailey.

You collected 388 gold pieces.

Inventory:

Hand Weapons
 e - a +1 dagger of electrocution (weapon)
Missiles
 b - 99 stones (quivered)
 s - 2 throwing nets
Armour
 a - a +2 helmet (worn)
 c - a +1 robe (worn)
 A - a +1 cloak (worn)
Jewellery
 l - a ring of magical power (left hand)
 x - an uncursed ring of see invisible
 y - a ring of positive energy (right hand)
 C - an uncursed ring of stealth
Wands
 u - a wand of acid (8)
Scrolls
 i - 7 scrolls of teleportation
 k - 7 scrolls of identify
 q - 5 scrolls of remove curse
 r - a scroll of magic mapping
 w - a scroll of enchant weapon {unknown}
 B - a scroll of acquirement {unknown}
 D - a scroll of blinking
Potions
 f - 4 potions of haste {unknown}
 g - 2 potions of resistance {unknown}
 h - 9 potions of curing {unknown}
 j - 2 potions of degeneration {unknown}
 m - 2 potions of heal wounds
 n - a potion of berserk rage
 o - a potion of invisibility
 t - 3 potions of flight {unknown}
 v - a potion of agility {unknown}
 z - 2 potions of might
Comestibles
 d - 18 rations
 E - 9 chunks of flesh


   Skills:
 - Level 1.5 Dodging
 - Level 2.1 Stealth
 + Level 7.1 Spellcasting
 + Level 6.5 Conjurations
   Level 0.7 Transmutations
 * Level 12.8 Earth Magic


You had 14 spell levels left.
You knew the following spells:

 Your Spells              Type           Power        Failure   Level  Hunger
a - Sandblast             Erth           ######       1%          1    None
b - Stone Arrow           Conj/Erth      #####.       1%          3    #......
c - Lee's Rapid Deconstr  Erth           ######....   1%          5    #####..

Your spell library contained the following spells:

 Spells                   Type           Power        Failure   Level  Hunger
 Conjure Flame            Conj/Fire      ###.....     2%          3    #......
 Passwall                 Tmut/Erth      ####....     1%          2    None
 Petrify                  Tmut/Erth      ####....     6%          4    ###....


Dungeon Overview and Level Annotations

Branches:
Dungeon (8/15)             Temple (1/1) D:4
   Lair: D:8-11

Altars:
Ashenzari
Cheibriados
Dithmenos
Elyvilon
Fedhas
Gozag
Hepliaklqana
Makhleb
Nemelex Xobeh
Okawaru
Qazlal
Ru
Sif Muna
Trog
Uskayaw
Vehumet
Wu Jian
Xom
Yredelemnul
Zin
The Shining One


Innate Abilities, Weirdness & Mutations

You are resistant to torment.
Your stone body is resilient. (AC +7)
You are immune to poison.
You resist negative energy. (rN+)
You are resistant to electric shocks. (rElec)
You can survive without breathing.
You are immune to petrification.
You are immune to rotting.


Message History

The orc knight is heavily wounded.
The orc knight roars a battlecry!
The orc warrior barely misses you.
Casting: Stone Arrow (safe; 1% risk of failure)
Confirm with . or Enter, or press ? or * to list all spells.
Aiming: Stone Arrow (safe; 1% risk of failure)
Press: ? - help, Shift-Dir - straight line, f/p - orc knight
Aim: an orc knight, wielding a +0 halberd and wearing a +0 scale mail (heavily wounded)
The stone arrow hits the orc knight!
The orc knight is severely wounded.
The orc knight hits you from afar with a +0 halberd!
It was a potion of heal wounds.
You feel much better.
The orc warrior hits you from afar with a +0 glaive!!
Ouch! That really hurt!
The orc knight hits you from afar with a +0 halberd.
As you read the scroll labeled ITREOTWOLA, it crumbles to dust.
Magic quickly surges around you.
It was a scroll of vulnerability.
The orc warrior hits you from afar with a +0 glaive!!!
Ouch! That really hurt!
You die...

#### ##∩## ####
....##...##....
≈≈≈..#...#..≈≈≈
≈o≈≈.......≈≈o≈
o≈......)≈o
....... #o.o#
#.∩.# ##@## ###


You could see an orc knight and an orc warrior.

Vanquished Creatures
  A hydra (D:6)
  A hippogriff (D:7)
  A spriggan (D:7)
  A water moccasin (D:8)
  An ice beast (D:7)
  3 orc warriors
  2 phantoms (D:6)
  2 ogres
  2 centaurs
  3 bullfrogs
  A water moccasin zombie (Ossuary)
  A scorpion (D:5)
  5 killer bees (D:7)
  A crimson imp (D:5)
  3 centaur zombies (Ossuary)
  4 bullfrog zombies
  A hound (D:7)
  A jelly (D:5)
  An orc priest (D:6)
  A bullfrog skeleton (D:4)
  Crazy Yiuf (D:4)
  19 mummies (Ossuary)
  2 orc wizards (D:6)
  Jessica (D:3)
  Natasha (D:4)
  2 worker ants
  2 killer bee zombies
  3 hound zombies
  A hound skeleton (D:6)
  Robin (D:4)
  A worker ant zombie (Ossuary)
  6 gnolls
  11 adders
  A shadow imp (D:7)
  3 oozes
  2 adder zombies
  2 adder skeletons
  4 worms
  3 dart slugs
  8 leopard geckos
  6 orcs
  3 ball pythons
  3 bats
  6 giant cockroaches
  16 goblins
  13 hobgoblins
  8 jackals
  7 quokkas
  7 frilled lizards
  A giant cockroach zombie (Ossuary)
  3 jackal zombies (Ossuary)
  7 kobolds
  A quokka skeleton (D:7)
  3 quokka zombies (Ossuary)
  5 rats
199 creatures vanquished.

Vanquished Creatures (others)
  A withered plant (Ossuary)
1 creature vanquished.

Grand Total: 200 creatures vanquished

Notes
Turn   | Place    | Note
-------+----------+-------------------------------------------
     0 | D:1      | Ethylacetat the Gargoyle Earth Elementalist began the quest
                  | for the Orb.
     0 | D:1      | Reached XP level 1. HP: 10/10 MP: 3/3
    56 | D:1      | Reached skill level 4 in Earth Magic
   128 | D:1      | Reached XP level 2. HP: 14/15 MP: 5/5
   413 | D:1      | Reached XP level 3. HP: 11/19 MP: 4/6
   437 | D:1      | Learned a level 3 spell: Stone Arrow
   902 | D:2      | Reached skill level 5 in Earth Magic
  1128 | D:2      | Reached XP level 4. HP: 21/24 MP: 8/8
  1425 | D:3      | HP: 1/24 [something (5)]
  1736 | D:3      | Reached XP level 5. HP: 28/28 MP: 9/9
  1776 | D:3      | Noticed Jessica
  1777 | D:3      | Killed Jessica
  1777 | D:3      | Reached skill level 6 in Earth Magic
  1813 | D:3      | Found a bloodstained altar of Trog.
  1909 | D:3      | Noticed a centaur
  1915 | D:3      | Killed a centaur
  1915 | D:3      | Reached XP level 6. HP: 10/32 MP: 3/11
  2329 | D:4      | Found a staircase to the Ecumenical Temple.
  2336 | D:4      | Reached skill level 7 in Earth Magic
  2346 | Temple   | Entered the Ecumenical Temple
  2381 | Temple   | Became a worshipper of Vehumet
  2525 | D:4      | Noticed Robin
  2558 | D:4      | Killed Robin
  2734 | D:4      | Noticed Natasha
  2740 | D:4      | Killed Natasha
  2924 | D:4      | Reached XP level 7. HP: 36/36 MP: 8/13
  2946 | D:4      | Found a runed translucent door.
  2947 | D:4      | Noticed Crazy Yiuf
  2953 | D:4      | Killed Crazy Yiuf
  2953 | D:4      | Reached skill level 8 in Earth Magic
  3222 | D:4      | Reached * piety under Vehumet
  3222 | D:4      | Offered knowledge of Sting by Vehumet.
  3251 | D:4      | Learned a level 5 spell: Lee's Rapid Deconstruction
  3380 | D:5      | Entered Level 5 of the Dungeon
  3451 | D:5      | Reached skill level 1 in Conjurations
  4065 | D:5      | Reached skill level 9 in Earth Magic
  4214 | D:6      | Noticed a six-headed hydra
  4298 | D:6      | Found a sand-covered staircase.
  4305 | Ossuary  | Entered an ossuary
  4310 | Ossuary  | Reached XP level 8. HP: 34/41 MP: 15/15
  4361 | Ossuary  | Reached skill level 5 in Spellcasting
  4454 | Ossuary  | Reached ** piety under Vehumet
  4457 | Ossuary  | Offered knowledge of Shock by Vehumet.
  4518 | Ossuary  | Reached skill level 10 in Earth Magic
  5186 | D:6      | Reached XP level 9. HP: 45/45 MP: 17/17
  5463 | D:6      | Killed a six-headed hydra
  5463 | D:6      | Offered knowledge of Conjure Flame by Vehumet.
  5463 | D:6      | Reached skill level 5 in Conjurations
  5463 | D:6      | Reached skill level 11 in Earth Magic
  5874 | D:7      | Reached skill level 12 in Earth Magic
  5992 | D:7      | Reached XP level 10. HP: 48/50 MP: 20/20
  6000 | D:7      | Reached *** piety under Vehumet
  6512 | D:8      | Found a flagged portal.
  6533 | Bailey   | Entered a bailey
  6533 | Bailey   | Noticed an orc knight
  6533 | Bailey   | Noticed an orc knight
  6548 | Bailey   | Demolished by an orc warrior

Skill      XL: |  1  2  3  4  5  6  7  8  9 10 |
---------------+-------------------------------+-----
Earth Magic    | 4 5 6 7 9 10 12 | 12.8
Spellcasting   | 3 4 5 6 7 |  7.1
Conjurations   | 2 4 6 |  6.5
Dodging        | |  1.5
Stealth        | |  2.1
Transmutations | |  0.7

Action                   |  1- 3 |  4- 6 |  7- 9 | 10-12 || total
-------------------------+-------+-------+-------+-------++-------
Melee: Dagger            |    96 |   181 |   156 |    77 ||   510
 Cast: Sandblast         |    11 |    19 |   106 |     2 ||   138
       Stone Arrow       |       |     1 |    10 |     9 ||    20
       Lee's Rapid Decon |       |       |     7 |     1 ||     8
  Use: Scroll            |     2 |     2 |     3 |     2 ||     9
       Potion            |       |       |       |     1 ||     1
 Stab: Sleeping          |     2 |     3 |     3 |     3 ||    11
  Eat: Chunk             |     1 |     6 |     9 |     1 ||    17
       Ration            |       |       |     1 |       ||     1
Armor: Robe              |    21 |    57 |    76 |    43 ||   197
Dodge: Dodged            |    69 |   100 |   100 |    83 ||   352
